Map: Blueshift LE

Players

Lambo - Winner!

  • Race: Zerg Zerg
  • League: Master
  • Spawn Location: 1:00

IIIIIIIIIIII

  • Race: Terran Terran
  • League: Master
  • Spawn Location: 7:00

VOD

Have the link to the VOD?

Description

Time

  • Played on: Dec. 6, 2018, 10:22 a.m.
  • Length: 18:53
Show
View Real Time Build Order
Export as new Build Order

Lambo Zerg - Winner!

Build Orders: Hatch First 

Get SALT Encoding   

  12  0:00  Drone  
  13  0:13  Overlord  
  13  0:18  Drone  
  14  0:33  Drone x2  
  16  0:50  Hatchery  
  16  0:52  Drone  
  16  0:55  Drone  
  17  0:58  Drone  
  18  1:09  Extractor  
  17  1:13  Spawning Pool  
  17  1:16  Drone  
  17  1:20  Drone  
  18  1:28  Drone  
  19  1:42  Drone  
  20  1:53  Overlord  
  20  2:00  Queen  
  22  2:01  Queen  
  22  2:02  Zergling x4  
  26  2:08  Metabolic Boost  
  26  2:11  Drone  
  26  2:12  Drone  
  28  2:23  Drone  
  29  2:31  Drone  
  29  2:35  Overlord  
  29  2:37  Queen  
  29  2:39  Drone  
  32  2:48  Drone  
  33  2:55  Drone  
  33  2:56  Hatchery  
  34  2:58  Drone x2  
  35  3:09  Drone x2  
  35  3:11  Drone x2  
  35  3:12  Overlord  
  39  3:18  Queen  
  41  3:23  Drone x2  
  43  3:40  Drone x2  
  45  3:45  Zergling x10  
  50  3:52  Overlord, Zergling x2  
  51  4:00  Overlord  
  51  4:07  Overlord  
  51  4:08  Queen  
  53  4:10  Baneling Nest, Queen  
  53  4:12  Drone  
  53  4:14  Spore Crawler  
  53  4:17  Drone x3  
  57  4:19  Drone x2  
  57  4:23  Drone  
  57  4:24  Zergling x2  
  61  4:28  Drone x4  
  61  4:30  Evolution Chamber  
  64  4:31  Evolution Chamber  
  64  4:32  Spore Crawler  
  64  4:34  Drone  
  64  4:38  Drone x3  
  66  4:41  Drone  
  66  4:44  Overlord  
  67  4:48  Overlord  
  67  4:52  Drone  
  68  4:57  Overlord  
  68  4:58  Drone x2  
  68  4:59  Drone, Zerg Melee Weapons Level 1  
  69  5:01  Zergling x2  
  69  5:05  Drone x2  
  70  5:10  Zerg Ground Armor Level 1  
  70  5:13  Drone x2  
  70  5:14  Queen, Extractor x2  
  72  5:15  Overlord  
  72  5:17  Drone  
  72  5:18  Overlord  
  73  5:23  Overlord  
  73  5:24  Overlord  
  73  5:27  Lair  
  74  5:28  Drone  
  74  5:31  Overlord  
  74  5:32  Drone  
  75  5:37  Drone x2  
  75  5:39  Drone x3  
  75  5:42  Extractor  
  79  5:44  Extractor  
  79  5:46  Hatchery  
  79  5:47  Drone  
  79  5:48  Drone  
  79  5:51  Drone x4  
  79  5:54  Drone x2  
  79  5:56  Drone x2  
  87  5:58  Overlord  
  87  6:02  Drone x2  
  89  6:11  Drone x3  
  92  6:14  Drone x2  
  94  6:22  Drone x4  
  94  6:23  Drone  
  99  6:28  Centrifical Hooks  
  99  6:30  Queen  
  99  6:31  Hydralisk Den  
  99  6:32  Overlord  
  100  6:33  Drone x3  
  100  6:34  Zergling x4  
  100  6:35  Zergling x6  
  108  6:41  Pneumatized Carapace  
  108  6:43  Overlord x2  
  108  6:44  Zergling x2  
  109  6:49  Zergling x6  
  112  7:02  Zergling x6  
  112  7:03  Zergling x14  
  112  7:04  Muscular Augments, Zerg Melee Weapons Level 2, Zerg Ground Armor Level 2  
  122  7:10  Zergling x2  
  122  7:11  Zergling x6  
  122  7:13  Baneling x3  
  122  7:14  Hydralisk x3  
  132  7:16  Baneling x3  
  131  7:25  Hydralisk x2  
  131  7:29  Overlord  
  135  7:31  Overlord  
  135  7:33  Overlord  
  135  7:36  Overlord  
  134  7:39  Overlord  
  134  7:42  Overlord  
  134  7:43  Hydralisk, Overlord, Queen, Extractor  
  134  7:44  Hydralisk x2, Extractor  
  135  7:47  Infestation Pit  
  135  7:50  Hydralisk x2  
  143  7:53  Overlord x2  
  143  7:54  Hydralisk  
  143  7:56  Drone x3  
  145  7:59  Hydralisk  
  147  8:06  Hydralisk x2  
  147  8:11  Hydralisk  
  147  8:12  Zergling x4  
  154  8:23  Hydralisk x2  
  154  8:24  Zergling x24  
  170  8:27  Hydralisk x2  
  168  8:39  Zergling x8  
  168  8:40  Overseer  
  170  8:43  Hive  
  170  8:46  Spore Crawler, Hydralisk x2  
  173  8:52  Overlord  
  173  8:53  Overlord  
  172  8:56  Overlord, Hatchery  
  172  8:59  Overlord  
  167  9:02  Grooved Spines  
  167  9:04  Overlord  
  167  9:08  Zergling x12  
  158  9:10  Zergling x8  
  155  9:19  Zergling x14  
  155  9:23  Overseer  
  154  9:31  Hydralisk x2  
  154  9:32  Zergling x12  
  154  9:33  Zerg Missile Weapons Level 1  
  154  9:38  Hydralisk, Zergling x4  
  162  9:41  Baneling x12  
  164  9:48  Hydralisk  
  164  9:49  Hydralisk x8  
  164  9:51  Baneling x7  
  182  9:57  Zergling x6  
  185  10:00  Baneling x6  
  185  10:05  Overlord  
  185  10:07  Zergling x12  
  185  10:08  Zergling x6  
  185  10:11  Baneling x7  
  193  10:15  Zergling x2  
  193  10:20  Zergling x16  
  182  10:28  Drone x3  
  182  10:29  Drone x4, Spire, Extractor  
  182  10:31  Spore Crawler  
  182  10:33  Zerg Ground Armor Level 3  
  184  10:36  Drone x3  
  187  10:45  Adrenal Glands, Drone x3  
  190  10:51  Zergling x20  
  190  10:52  Zergling x2  
  199  11:00  Zergling x10  
  199  11:04  Baneling x2, Extractor  
  183  11:06  Extractor  
  183  11:08  Baneling, Hatchery  
  181  11:14  Zergling x26  
  181  11:17  Baneling  
  193  11:20  Overseer x3  
  193  11:22  Drone x3  
  193  11:23  Drone x3  
  193  11:25  Spore Crawler, Spine Crawler  
  198  11:27  Spine Crawler  
  196  11:43  Zergling x6  
  196  11:44  Baneling x4  
  196  11:45  Baneling x21  
  199  11:47  Overlord x2, Hatchery  
  199  11:52  Zergling x10  
  187  11:54  Zergling x4  
  187  11:57  Hydralisk  
  187  11:58  Zergling x12  
  187  12:01  Hydralisk x2  
  186  12:06  Greater Spire  
  187  12:17  Hydralisk, Drone x4  
  187  12:18  Hydralisk x3  
  199  12:27  Hydralisk  
  199  12:30  Overseer, Baneling x10  
  199  12:31  Overseer  
  194  12:38  Hydralisk  
  194  12:41  Corruptor  
  194  12:42  Corruptor x5  
  194  12:46  Corruptor  
  194  12:49  Zergling x10  
  195  12:55  Zergling x12  
  192  13:03  Zerg Melee Weapons Level 3  
  192  13:10  Zerg Missile Weapons Level 2  
  192  13:19  Queen  
  194  13:25  Baneling x5  
  194  13:26  Baneling x3  
  192  13:32  Brood Lord x6  
  200  13:42  Baneling  
  199  13:52  Overlord  
  196  13:57  Zergling x16  
  196  14:09  Zerg Flyer Weapons Level 1  
  195  14:10  Spore Crawler  
  194  14:18  Baneling x6  
  194  14:20  Baneling  
  194  14:21  Baneling x3  
  194  14:22  Zergling x10  
  199  14:28  Extractor  
  199  14:29  Spore Crawler, Extractor  
  195  14:32  Zergling x10  
  189  14:47  Hydralisk x5  
  196  14:58  Hydralisk x2  
  194  15:19  Hydralisk  
  194  15:20  Hydralisk x4  
  188  15:34  Hydralisk x11  
  198  15:35  Hatchery  
  198  15:40  Baneling x12  
  198  15:42  Hydralisk  
  174  15:58  Baneling  
  174  15:59  Baneling x5  
  174  16:01  Hydralisk x4  
  174  16:02  Hatchery  
  174  16:03  Overlord  
  181  16:09  Zergling x6  
  184  16:18  Hatchery  
  173  16:19  Zergling x12  
  173  16:20  Zergling x16  
  173  16:23  Zergling x2  
  173  16:25  Zergling x4  
  170  16:31  Zergling x6  
  164  16:35  Viper  
  153  16:41  Overseer, Viper  
  153  16:48  Hydralisk  
  153  16:49  Hydralisk  
  144  16:55  Hydralisk  
  144  16:56  Hydralisk  
  144  16:59  Hydralisk x2  
  144  17:04  Hydralisk  
  142  17:15  Hydralisk x4  
  139  17:20  Baneling x11  
  147  17:27  Hydralisk  
  147  17:28  Zergling x8  
  153  17:32  Zergling x4  
  153  17:37  Zergling x8  
  157  17:40  Zergling x6  
  160  17:44  Zergling x6  
  160  17:47  Zergling x6  
  160  17:50  Overseer  
  165  17:56  Zergling x14  
  168  18:06  Hatchery  
  168  18:08  Hydralisk x2  
  169  18:14  Hydralisk x2  
  168  18:20  Hydralisk x2  
Show
View Real Time Build Order
Export as new Build Order

IIIIIIIIIIII Terran 

Build Orders: Liberator Opening, Reaper Expand 

Get SALT Encoding   

  12  0:00  SCV  
  13  0:12  SCV  
  14  0:16  Supply Depot  
  14  0:25  SCV  
  15  0:38  SCV  
  15  0:40  Barracks  
  16  0:44  Refinery  
  16  0:50  SCV  
  17  1:02  SCV  
  18  1:14  SCV  
  19  1:27  Reaper, Orbital Command  
  20  1:41  Command Center  
  20  1:50  Supply Depot  
  20  1:53  SCV  
  21  1:59  Marine  
  22  2:07  SCV  
  23  2:13  Refinery  
  23  2:14  Factory  
  23  2:19  SCV  
  23  2:21  Barracks Reactor  
  24  2:31  SCV  
  25  2:43  SCV  
  26  2:54  Orbital Command  
  26  2:56  SCV  
  26  2:58  Starport  
  27  3:04  Hellion x2  
  31  3:07  Barracks Tech Lab  
  31  3:08  SCV  
  32  3:18  Liberator, Supply Depot  
  32  3:21  SCV x2  
  32  3:26  Hellion x2  
  38  3:33  SCV x2  
  43  3:41  Supply Depot  
  43  3:47  Hellion x2  
  43  3:48  SCV x2  
  49  3:56  Stimpack  
  49  4:00  SCV x2  
  51  4:09  Command Center  
  51  4:15  Supply Depot, SCV x2  
  53  4:26  Factory Tech Lab  
  53  4:27  Starport Reactor  
  53  4:29  Barracks  
  53  4:30  Barracks, Marine  
  55  4:31  SCV  
  55  4:33  SCV  
  56  4:40  Supply Depot  
  56  4:44  SCV  
  56  4:45  SCV, Siege Tank  
  61  4:56  SCV  
  61  4:58  SCV  
  60  5:04  Marine  
  61  5:07  Engineering Bay  
  61  5:08  SCV  
  61  5:09  Engineering Bay  
  61  5:10  SCV  
  61  5:13  Starport Reactor  
  63  5:17  Siege Tank  
  63  5:18  Marine x2  
  63  5:20  SCV  
  69  5:22  SCV, Orbital Command  
  69  5:23  Refinery x2  
  69  5:24  Marine  
  69  5:25  Marine x2  
  73  5:33  SCV  
  73  5:34  SCV  
  75  5:36  Terran Infantry Armor Level 1, Terran Infantry Weapons Level 1  
  75  5:37  Marine x2  
  75  5:42  Marine x2  
  77  5:44  Supply Depot  
  77  5:46  Marine, SCV x2  
  77  5:47  Orbital Command  
  82  5:56  Marine, Siege Tank  
  86  5:59  SCV  
  86  6:00  SCV  
  86  6:02  Supply Depot  
  88  6:08  Medivac x2  
  88  6:11  Supply Depot, Marine x3  
  90  6:14  SCV x2  
  90  6:16  SCV  
  90  6:18  Marine x2  
  98  6:22  Combat Shield  
  98  6:25  Supply Depot  
  98  6:29  SCV x2  
  98  6:30  SCV  
  98  6:31  Supply Depot  
  101  6:38  Factory Reactor  
  101  6:40  Barracks  
  101  6:41  Barracks  
  101  6:47  SCV x3  
  101  6:50  Supply Depot  
  101  6:53  Marine x5  
  105  7:00  SCV x3  
  108  7:02  Medivac x2  
  108  7:04  Supply Depot  
  108  7:07  Armory  
  112  7:15  Factory  
  112  7:16  Marine x4  
  112  7:17  Marine, Widow Mine x2  
  121  7:23  SCV x3  
  121  7:25  Refinery x2  
  121  7:26  Supply Depot  
  123  7:35  Marine x4  
  123  7:36  Marine  
  123  7:37  Supply Depot, Barracks Reactor  
  123  7:38  Barracks Reactor  
  123  7:40  Command Center  
  123  7:41  Widow Mine x2  
  127  7:48  SCV x3  
  127  7:50  Medivac x2  
  134  7:54  Supply Depot  
  134  8:01  Terran Infantry Weapons Level 2  
  134  8:12  Terran Infantry Armor Level 2, Marine x5  
  135  8:13  Widow Mine  
  135  8:15  Drilling Claws  
  141  8:24  Marine x4, Widow Mine x2  
  149  8:30  Marine x5  
  149  8:37  Medivac x2  
  149  8:39  Supply Depot  
  149  8:42  Marine x2  
  149  8:45  Marine x2  
  149  8:48  Marine x3  
  154  8:49  Marauder  
  155  9:05  Marine x3  
  155  9:06  Marine x2  
  153  9:10  Marauder  
  153  9:12  Marine x3  
  153  9:16  Medivac x2, Widow Mine x3  
  167  9:19  Supply Depot  
  167  9:23  Marine x3  
  168  9:29  Planetary Fortress  
  168  9:31  Marauder  
  168  9:32  SCV x3  
  168  9:36  Marine x5  
  176  9:41  Marine x3, Widow Mine x3  
  185  9:48  SCV  
  185  9:49  SCV x2  
  188  9:53  Marauder  
  188  9:54  Sensor Tower, Marine x5  
  195  10:03  Marine x3  
  195  10:04  Widow Mine  
  200  10:10  Liberator x2  
  200  10:11  Marine  
  200  10:12  Marine x2  
  155  10:23  Unknown x3  
  155  10:25  Marine  
  155  10:26  Marine x4, Marauder  
  155  10:27  Widow Mine x2  
  161  10:29  Marine x3  
  161  10:32  Terran Infantry Weapons Level 3  
  161  10:33  Terran Infantry Armor Level 3  
  160  10:39  Barracks x2  
  160  10:40  Barracks  
  162  10:42  Widow Mine  
  162  10:43  Marine x4  
  162  10:45  SCV  
  162  10:46  SCV x3, Starport  
  162  10:47  Fusion Core  
  162  10:48  Starport  
  170  10:50  Marine x4, Marauder  
  176  10:57  Liberator x2  
  176  11:04  Widow Mine x3  
  173  11:07  Refinery  
  173  11:08  Refinery  
  173  11:10  SCV x4  
  177  11:18  Terran Vehicle And Ship Armor Level 1  
  183  11:22  Marine x6, Marauder  
  183  11:23  Marine x2  
  193  11:26  Widow Mine x3  
  193  11:32  Barracks Tech Lab x2  
  199  11:33  Barracks Tech Lab  
  199  11:40  Marine, Command Center  
  199  11:43  Sensor Tower  
  179  11:59  Marine x4, Marauder  
  179  12:00  Marine x3, Marauder x3  
  185  12:02  Starport Reactor, Concussive Shells, Starport Tech Lab  
  185  12:04  Ghost Academy  
  185  12:12  Marine  
  185  12:14  Widow Mine x3  
  190  12:17  Marine x4  
  190  12:21  Marauder x3  
  198  12:30  Marauder  
  198  12:32  Advanced Ballistics  
  186  12:45  Marauder  
  186  12:46  Marauder x2  
  190  12:51  Marauder  
  190  12:57  Marine x8  
  196  13:04  Widow Mine x2  
  200  13:10  Command Center  
  200  13:11  Terran Vehicle And Ship Armor Level 2  
  200  13:12  Armory  
  200  13:30  Marine, Marauder  
  200  13:37  Unknown x4  
  200  13:38  Unknown x3  
  200  13:49  Command Center  
  200  13:50  Liberator x3  
  200  13:54  Factory  
  200  13:55  Factory  
  183  14:07  Widow Mine x3  
  198  14:12  Personal Cloaking  
  196  14:21  Viking x2  
  197  14:33  Marine  
  197  14:34  Marine x4  
  194  14:46  Marine x7  
  194  14:50  Factory Tech Lab  
  194  14:51  Factory Reactor, Marine  
  194  14:52  Marine  
  177  15:02  Marine x3  
  177  15:03  Viking x4  
  177  15:05  Marauder x2  
  162  15:12  Marine x5, Marauder x2  
  164  15:16  Unknown x6  
  144  15:22  Marine x3  
  144  15:26  Marauder x2  
  127  15:29  Marine x2  
  127  15:30  Marine x3  
  127  15:33  Medivac, Marine x2  
  125  15:39  Marine x3, Widow Mine x3  
  125  15:40  Viking, Widow Mine x2  
  125  15:41  Medivac, Viking x2  
  145  15:47  Marine x5  
  145  15:48  Marine x2  
  149  15:51  Marine x2  
  151  15:57  Marine x3  
  151  15:58  Widow Mine  
  151  16:03  Medivac  
  156  16:05  Marine x6, Widow Mine x4  
  156  16:06  Marine  
  156  16:09  Marine x2  
  156  16:10  Medivac  
  175  16:11  Unknown x4  
  160  16:19  Widow Mine  
  147  16:28  Medivac x3  
  130  16:34  Marine x12  
  136  16:47  Medivac x2  
  136  16:52  Marine x3  
  121  16:56  Marine x6  
  121  16:58  Marine  
  115  17:11  Marine x4, Unknown  
  116  17:19  Orbital Command  
  116  17:21  Marine x2  
  118  17:37  Widow Mine x2  
  118  17:40  Marine  
  123  17:58  Unknown  
  117  18:06  Marine x10  
Tags
 
Add a new tag
Caveats
  • Supply blocks, unpowered buildings, or Contaminate may cause inaccurate times.
  • Supply counts are checked every 10 seconds.